 Dungeon Crawl Stone Soup version 0.15.2 (webtiles) character file.

119 kae the Firebug (level 5, -2/28 HPs)
             Began as a Tengu Fire Elementalist on Dec 28, 2014.
             Slain by a gnoll
             ... wielding a +0 whip
              (7 damage)
             ... on Level 2 of the Dungeon.
             The game lasted 00:02:10 (2067 turns).

kae the Firebug (Tengu Fire Elementalist)           Turns: 2067, Time: 00:02:10

HP  -2/28        AC  2     Str  8      XL: 5   Next:  3%
MP   2/12        EV 12     Int 16      God:
Gold 114         SH  0     Dex 15      Spells:  3 memorised,  3 levels left

rFire  + . .     SeeInvis .     n - +3 whip
rCold  . . .     Clarity  .     a - +0 robe
rNeg   . . .     rCorr    .     (no shield)
rPois  .         rRot     .     (helmet restricted)
rElec  .         Spirit   .     (no cloak)
SustAb .         Warding  .     (no gloves)
rMut   .         Stasis   .     (boots unavailable)
Gourm  .                        (no amulet)
MR     .....                    (no ring)
                                d - ring of protection from fire

@: very slightly contaminated, not resistant to hostile enchantments, unstealthy
A: able to fly, beak, talons 3
a: Fly


You were on level 2 of the Dungeon.
You were not hungry.

You visited 1 branch of the dungeon, and saw 2 of its levels.

You collected 114 gold pieces.

Inventory:

Hand weapons
 e - a +0 dagger
 n - a +3 whip (weapon)
Armour
 a - a +0 robe (worn)
Comestibles
 c - 4 bread rations
 f - 2 meat rations
 q - a slice of pizza
 u - a chunk of worm flesh
Scrolls
 h - a scroll of enchant weapon {unknown}
 i - a scroll of random uselessness {unknown}
 j - 6 scrolls of identify {unknown}
 m - a scroll of fear {unknown}
 r - 2 scrolls of magic mapping {unknown}
 s - 2 scrolls of remove curse {unknown}
Jewellery
 d - a ring of protection from fire (left hand)
 l - a cursed ring of teleportation {unknown}
Potions
 g - 4 potions of curing {unknown}
 k - 2 potions of confusion {unknown}
 o - 2 potions of cure mutation {unknown}
 p - a potion of agility {unknown}
 t - a potion of poison {unknown}
Books
 b - a book of Flames

   Spells                             Type                      Level
   *Flame Tongue                      Conjuration/Fire             1
   *Throw Flame                       Conjuration/Fire             2
   *Conjure Flame                     Conjuration/Fire             3
   Inner Flame                        Hexes/Fire                   3
   Sticky Flame                       Conjuration/Fire             4
   Fireball                           Conjuration/Fire             5


   Skills:
 - Level 2.1 Dodging
 - Level 2.0 Stealth
 + Level 2.9 Spellcasting
 * Level 3.5 Conjurations
 * Level 4.6 Fire Magic


You had 3 spell levels left.
You knew the following spells:

 Your Spells              Type           Power        Failure   Level  Hunger
a - Flame Tongue          Conj/Fire      ###..        4%          1    #......
b - Throw Flame           Conj/Fire      ###...       8%          2    ##.....
c - Conjure Flame         Conj/Fire      ###.....     12%         3    ###....


Dungeon Overview and Level Annotations

Branches:
Dungeon (2/15)

Altars:


Innate Abilities, Weirdness & Mutations

You can fly.
You have a beak for a mouth.
You have claws for feet.


Message History

Aim: a gnoll, wielding a whip The flame tongue misses the gnoll.
Casting: Flame Tongue
Confirm with . or Enter, or press ? or * to list all spells.
Aiming: Flame Tongue
Press: ? - help, Shift-Dir - straight line, f/p - gnoll
Aim: a gnoll, wielding a whip The flame tongue hits the gnoll.
The gnoll is moderately wounded.
The gnoll hits you with a whip.
* * * LOW HITPOINT WARNING * * *
Casting: Flame Tongue
Confirm with . or Enter, or press ? or * to list all spells.
Aiming: Flame Tongue
Press: ? - help, Shift-Dir - straight line, f/p - gnoll
Aim: a gnoll, wielding a whip (moderately wounded)
You miscast Flame Tongue.
You are very lightly contaminated with residual magic.
Nothing appears to happen.
The gnoll hits you with a whip!
You die...

#############
#.)...((..(.#
#@#########.#
#g# #.# #g#
#.# #.# #.#
#.# #.# #.#
#.# #.# #.#
#.# #.######
#.# #.##....


You could see 2 gnolls.

Vanquished Creatures
  Jessica (D:2)
  An adder (D:2)
  3 gnolls
  3 worms
  An ooze (D:1)
  7 bats
  5 hobgoblins
  2 jackals (D:1)
  3 giant cockroaches (D:1)
  3 giant newts
  9 goblins
  10 kobolds
  2 rats
50 creatures vanquished.

Notes
Turn   | Place    | Note
--------------------------------------------------------------
     0 | D:1      | kae, the Tengu Fire Elementalist, began the quest for the Orb.
     0 | D:1      | Reached XP level 1. HP: 10/10 MP: 3/3
   284 | D:1      | Reached XP level 2. HP: 15/15 MP: 5/5
   721 | D:1      | Reached XP level 3. HP: 19/19 MP: 0/7
   742 | D:1      | Learned a level 2 spell: Throw Flame
   746 | D:1      | Learned a level 3 spell: Conjure Flame
   943 | D:1      | Reached skill level 4 in Fire Magic
  1438 | D:2      | Reached XP level 4. HP: 21/24 MP: 2/9
  1744 | D:2      | Noticed Jessica
  1785 | D:2      | Killed Jessica
  2064 | D:2      | Reached XP level 5. HP: 10/28 MP: 5/12
  2067 | D:2      | Slain by a gnoll

Action                   |  1- 3 |  4- 6 || total
-------------------------+-------+-------++-------
Melee: Unarmed           |    11 |       ||    11
       Dagger            |    52 |       ||    52
       Whip              |    13 |    14 ||    27
 Cast: Flame Tongue      |    20 |    17 ||    37
 Stab: Distracted        |     1 |       ||     1
       Sleeping          |     1 |       ||     1
  Eat: Chunk             |     2 |     2 ||     4
